 Dungeon Crawl Stone Soup version 0.30.0-18-gc0e69614cb (webtiles) character file.

Game seed: 8405391224461335385

48 CaptainMV the Shooter (level 3, -2/22 (25) HPs)
             Began as a Demonspawn Wanderer on May 25, 2023.
             Slain by a goblin
             ... wielding a +0 dagger
             ... led by Robin
              (4 damage)
             ... on level 2 of the Dungeon.
             The game lasted 00:06:13 (509 turns).

CaptainMV the Shooter (Demonspawn Wanderer)          Turns: 509, Time: 00:06:13

HP:   -2/22 (25)    AC:  3    Str: 10    XL:     3   Next: 50%
MP:   1/3           EV: 15    Int: 13    God:
Gold: 79            SH:  0    Dex: 16    Spells: 1/2 levels left

rFire   . . .        a - +2 spear
rCold   . . .        (no shield)
rNeg    . . .        e - +1 robe
rPois   .            (no helmet)
rElec   .            (no cloak)
rCorr   .            (no gloves)
SInv    .            (no boots)
Will    .....        (no amulet)
Stlth   +            (no ring)
HPRegen 0.23/turn    (no ring)
MPRegen 0.08/turn

%: no passive effects
@: very slightly contaminated, heavily drained
A: repulsion field 2
a: no special abilities


You were on level 2 of the Dungeon.
You visited 1 branch of the dungeon, and saw 2 of its levels.

You collected 79 gold pieces.

Inventory:

Hand Weapons
 a - a +2 spear (weapon)
 b - a +0 sling
Armour
 e - a +1 robe (worn)
Wands
 c - a wand of flame (3) (quivered)
Scrolls
 d - a scroll of teleportation
Potions
 f - a potion of degeneration {unknown}


   Skills:
 + Level 0.4 Fighting
 + Level 3.1 Polearms
 + Level 3.2 Ranged Weapons
 + Level 1.0 Armour
 + Level 1.1 Dodging
 + Level 0.1 Stealth
 + Level 0.1 Conjurations
 + Level 3.2 Evocations


You had one spell level left.
You knew the following spells:

 Your Spells              Type           Power      Damage    Failure   Level
a - Magic Dart            Conj           0%         1d3       30%         1

Your spell library contained the following spells:

 Spells                   Type           Power      Damage    Failure   Level
 Searing Ray              Conj           0%         2d4       41%         2
 Lesser Beckoning         Tloc           0%         N/A       43%         2
 Gell's Gravitas          Tloc           0%         N/A       67%         3
 Teleport Other           Tloc           0%         N/A       67%         3
 Fulminant Prism          Conj/Hex       0%         3d5       97%         4


Dungeon Overview and Level Annotations

Branches:
Dungeon (2/15)

Altars:


Innate Abilities, Weirdness & Mutations

You are surrounded by a moderate repulsion field. (EV +3)


Message History

You feel drained.
Casting: Magic Dart (safe; 30% risk of failure)
Confirm with . or Enter, or press ? or * to list all spells.
Aiming: Magic Dart (safe; 30% risk of failure)
Press: ? - help, Shift-Dir - straight line, f - goblin
Aim: a goblin, wielding a +0 dagger (strong, 100% to hit)
You miscast Magic Dart.
You are very lightly contaminated with residual magic.
Nothing appears to happen.
Robin hits you but does no damage.
You feel drained. The goblin closely misses you.
You barely miss Robin. You punch Robin.
Robin is almost dead.
The goblin hits you but does no damage. Robin closely misses you.
You barely miss Robin.
Robin is almost dead.
The goblin hits you but does no damage.
Robin hits you with a +0 short sword of draining.
You feel drained.
You hit Robin but do no damage.
Robin is almost dead.
Robin hits you with a +0 short sword of draining.
* * * LOW HITPOINT WARNING * * *
You feel drained. The goblin hits you with a +0 dagger.
* * * LOW HITPOINT WARNING * * *
Unknown command.
You hit Robin but do no damage.
Robin is almost dead.
The goblin completely misses you. Robin misses you.
Unknown command.
You puncture Robin!
You kill Robin!
The hobgoblin no longer looks unusually strong.
The goblin closely misses you.
Your Dodging skill increases to level 1!
Unknown command.
You barely miss the goblin. The goblin completely misses you.
The hobgoblin hits you but does no damage.
Unknown command.
You closely miss the goblin. The goblin hits you with a +0 dagger.
You die...

#.# #.# #.#
#.# #.# #g#
###g# #)g@#
#<### #.#
#.### #..<#
#.....#
.........#
..#########


You could see a hobgoblin and 2 goblins.

Vanquished Creatures
  Robin (D:2)
  A gnoll (D:1)
  4 endoplasms (D:1)
  A giant cockroach (D:1)
  2 goblins (D:2)
  5 hobgoblins
  4 kobolds (D:1)
  3 bats (D:1)
  3 frilled lizards (D:1)
  3 rats (D:1)
27 creatures vanquished.

Notes
Turn   | Place    | Note
-------+----------+-------------------------------------------
     0 | D:1      | CaptainMV the Demonspawn Wanderer began the quest for the
                  | Orb.
     0 | D:1      | CaptainMV set off with the following items: a +2 spear, a
                  | +0 sling, a wand of flame (3), a scroll of teleportation, a
                  | +0 robe.
     0 | D:1      | Reached XP level 1. HP: 13/13 MP: 1/1
   256 | D:1      | Gained mutation: You are surrounded by a mild repulsion
                  | field. (EV +2) [demonic ancestry]
   256 | D:1      | Reached XP level 2. HP: 19/19 MP: 2/2
   395 | D:1      | Gained mutation: You are surrounded by a moderate repulsion
                  | field. (EV +3) [demonic ancestry]
   395 | D:1      | Reached XP level 3. HP: 8/25 MP: 3/3
   397 | D:1      | Learned a level 1 spell: Magic Dart
   491 | D:2      | Noticed Robin
   505 | D:2      | HP: 1/20 [goblin/+0 dagger[Robin] (5)]
   507 | D:2      | Killed Robin
   508 | D:2      | Reached skill level 1 in Dodging
   509 | D:2      | Slain by a goblin

Illustrated notes

Levels and vault maps discovered:
D:1:      scummos_arrival_hexagon, layout_basic, minmay_curled_crystal
D:2:      layout_basic, minmay_quadrilaterals, uniq_robin

Skill      XL: |  1  2  3 |
---------------+----------+-----
Ranged Weapons | 3 |  3.2
Polearms       | 3 |  3.1
Dodging        | 1 |  1.1
Fighting       | |  0.4
Armour         | |  1.0
Stealth        | |  0.1
Conjurations   | |  0.1
Evocations     | |  3.2

Action                     || total
---------------------------++-------
  Melee: Spear             ||    73
         Punch             ||     1
   Fire: Sling             ||    13
   Cast: Magic Dart        ||     3
    Use: Scroll            ||     2
 Armour: Robe              ||    16
  Dodge: Dodged            ||    45
